AoeStats
← LIJKIE

Migration

503810704Analyzed
1v1 RM · 29d ago on Sep 2, 2026· 40m 26s· 2 players
Game mode
Random Map
Map size
132×132
Population
200
Speed
Normal
Resources
Standard
Victory
Conquest
Starting age
Dark Age
Ending age
Imperial Age
RankedLock teamsTeams togetherTeam positionsShared explorationLock speedFull tech treeHidden civsTurbo modeCheats
Victory
Defeat
🇨🇳 Spanish · China
932
+14
🇳🇱 Italians · Netherlands
894
-14
LIJKIE
5:18 Loom
10:48 Feudal Age
11:20 Double-Bit Axe
20:01 Castle Age
18:38 Wheelbarrow
17:48 Town Watch
18:13 Scale Barding Armor
18:32 Fletching
18:44 Padded Archer Armor
20:04 Horse Collar
19:58 Man-at-Arms
20:30 Pikeman
20:45 Crossbowman
28:22 Ballistics
31:29 Imperial Age
30:15 Demolition Ship
31:50 Thumb Ring
34:10 Chemistry
40:03 Scale Mail Armor
915894585
0:32 Loom
13:29 Feudal Age
14:07 Double-Bit Axe
14:05 Fishing Lines
19:52 Castle Age
17:45 Stone Mining
17:46 Gold Mining
19:35 Wheelbarrow
18:46 Town Watch
19:05 Horse Collar
21:18 Bow Saw
21:10 Heavy Plow
21:23 Medium Warships
21:04 Gillnets
22:32 Fletching
28:22 Imperial Age
28:31 Imperial Age
27:59 Bodkin Arrow
29:16 Hand Cart
29:52 Bracer
30:02 Forging
32:29 Heavy Warships
31:37 Cavalier
32:18 Husbandry
32:29 Bloodlines
32:54 Forging
33:38 Scale Barding Armor
35:48 Iron Casting
36:10 Murder Holes
37:17 Chemistry
36:28 Fortified Wall
38:18 Blast Furnace
37:19 Scale Mail Armor
37:39 Chain Barding Armor
36:43 Pikeman
37:23 Squires
37:09 Gambesons
37:10 Arson
39:25 Two-Man Saw
38:34 Halberdier
38:54 Elite Cannon Galleon
Connection lost

Rejoining the realm…

Still unreachable

The connection could not be restored.

Session expired

The server has moved on; the page needs a fresh start.